| TOP OF THE 1ST |
|
Round Rock Express batting - Pitching for Salt Lake Bees : RHP Jared Pollard
|
|
Pitching: RHP Jared Pollard
|
|
|
Batting: RHB Bill Turnbull
|
0-0: Ground out 4-3 (Groundball, 4, EV 103.8 MPH)
|
|
Batting: RHB Ron Corn
|
0-0: Ball 1-0: Ground out U3 (Groundball, 3L, EV 99.4 MPH)
|
|
Batting: LHB Josh Stuck
|
0-0: Called Strike 0-1: Foul Ball, location: 2F 0-2: Strikes out swinging
|
| Top of the 1st over - 0 runs, 0 hits, 0 errors, 0 left on base; Round Rock 0 - Salt Lake 0 |
| BOTTOM OF THE 1ST |
|
Salt Lake Bees batting - Pitching for Round Rock Express : RHP Prince Gibson
|
|
Pitching: RHP Prince Gibson
|
|
|
Batting: LHB Justin Alexander
|
0-0: Ball 1-0: Ball 2-0: Ground out 4-3 (Groundball, 4, EV 86.9 MPH)
|
|
Batting: LHB Jonathon Walton
|
0-0: Foul Ball, location: 2F 0-1: Ground out 6-3 (Groundball, 6M, EV 103.1 MPH)
|
|
Batting: RHB Ryan Munro
|
0-0: Ball 1-0: Called Strike 1-1: Foul Ball, location: 2F 1-2: Strikes out swinging
|
| Bottom of the 1st over - 0 runs, 0 hits, 0 errors, 0 left on base; Round Rock 0 - Salt Lake 0 |
| TOP OF THE 2ND |
|
Round Rock Express batting - Pitching for Salt Lake Bees : RHP Jared Pollard
|
|
Batting: RHB Ivan Colon
|
0-0: Ball 1-0: Called Strike 1-1: Called Strike 1-2: Foul Ball, location: 2F 1-2: Ball 2-2: Fly out, F7 (Flyball, 7, EV 90.0 MPH)
|
|
Batting: RHB Chris Torlak
|
0-0: Foul Ball, location: 2F 0-1: Fly out, F8 (Line Drive, 8LM, EV 110.6 MPH)
|
|
Batting: RHB Jeremy Boerman
|
0-0: Called Strike 0-1: SINGLE (Line Drive, 56D, EV 93.8 MPH)
|
|
Batting: RHB Adryão Anto
|
0-0: Ball 1-0: Called Strike Jeremy Boerman steals 2nd base 1-1: Ball 2-1: Fly out, F9 (Flyball, 9, EV 71.9 MPH)
|
| Top of the 2nd over - 0 runs, 1 hit, 0 errors, 1 left on base; Round Rock 0 - Salt Lake 0 |
| BOTTOM OF THE 2ND |
|
Salt Lake Bees batting - Pitching for Round Rock Express : RHP Prince Gibson
|
|
Batting: RHB Melvin Gomez
|
0-0: Ball 1-0: Ball 2-0: Ball 3-0: Called Strike 3-1: Foul Ball, location: 2F 3-2: Foul Ball, location: 2F 3-2: Base on Balls
|
|
Batting: SHB Butch Brown
|
0-0: Ball 1-0: Foul Ball, location: 2F 1-1: Ball Melvin Gomez is caught stealing 2nd base 2-6 2-1: Ball 3-1: Base on Balls
|
|
Batting: RHB Kian-tat Chen
|
0-0: Called Strike 0-1: Swinging Strike 0-2: Strikes out looking
|
|
Batting: RHB Brandon Davis
|
0-0: Called Strike 0-1: Ball 1-1: Foul Ball, location: 2F 1-2: Ball 2-2: Ball 3-2: Foul Ball, location: 2F 3-2: 2-RUN HOME RUN (Line Drive, 7LD, EV 97.5 MPH), Distance : 377 ft
|
|
Batting: RHB Juan Rosa
|
0-0: Called Strike 0-1: DOUBLE (Line Drive, 7LD, EV 113.1 MPH)
|
|
Batting: LHB Larry Prey
|
0-0: Called Strike 0-1: Swinging Strike 0-2: Strikes out swinging
|
| Bottom of the 2nd over - 2 runs, 2 hits, 0 errors, 1 left on base; Round Rock 0 - Salt Lake 2 |
| TOP OF THE 3RD |
|
Round Rock Express batting - Pitching for Salt Lake Bees : RHP Jared Pollard
|
|
Batting: RHB Carlos Lopez
|
0-0: Fly out, F8 (Flyball, 89D, EV 98.1 MPH)
|
|
Batting: RHB Martin Guerrero
|
0-0: Ball 1-0: Ball 2-0: Ball 3-0: Called Strike 3-1: Fly out, F8 (Flyball, 89S, EV 90.6 MPH)
|
|
Batting: RHB Bill Turnbull
|
0-0: Fly out, F8 (Flyball, 8RXD, EV 90.0 MPH)
|
| Top of the 3rd over - 0 runs, 0 hits, 0 errors, 0 left on base; Round Rock 0 - Salt Lake 2 |
| BOTTOM OF THE 3RD |
|
Salt Lake Bees batting - Pitching for Round Rock Express : RHP Prince Gibson
|
|
Batting: LHB Justin Alexander
|
0-0: Ball 1-0: Swinging Strike 1-1: Ball 2-1: Foul Ball, location: 2F 2-2: Ball 3-2: Foul Ball, location: 2F 3-2: Ground out 4-3 (Groundball, 4, EV 86.2 MPH)
|
|
Batting: LHB Jonathon Walton
|
0-0: Ball 1-0: Ball 2-0: Foul Ball, location: 2F 2-1: Foul Ball, location: 2F 2-2: Ball 3-2: Foul Ball, location: 2F 3-2: Base on Balls
|
|
Batting: RHB Ryan Munro
|
0-0: Ball 1-0: Foul Ball, location: 2F 1-1: Ball 2-1: Foul Ball, location: 2F 2-2: Grounds into double play, 1-6-3 (Groundball, 34S, EV 67.5 MPH)
|
| Bottom of the 3rd over - 0 runs, 0 hits, 0 errors, 0 left on base; Round Rock 0 - Salt Lake 2 |
| TOP OF THE 4TH |
|
Round Rock Express batting - Pitching for Salt Lake Bees : RHP Jared Pollard
|
|
Batting: RHB Ron Corn
|
0-0: Called Strike 0-1: Fly out, F7 (Flyball, 7LM, EV 103.1 MPH)
|
|
Batting: LHB Josh Stuck
|
0-0: Ball 1-0: Ball 2-0: Ground out U3 (Groundball, 3L, EV 99.4 MPH)
|
|
Batting: RHB Ivan Colon
|
0-0: Ball 1-0: Called Strike 1-1: Ball 2-1: Foul Ball, location: 2F 2-2: Ball 3-2: Ground out 6-3 (Groundball, 6, EV 78.1 MPH)
|
| Top of the 4th over - 0 runs, 0 hits, 0 errors, 0 left on base; Round Rock 0 - Salt Lake 2 |
| BOTTOM OF THE 4TH |
|
Salt Lake Bees batting - Pitching for Round Rock Express : RHP Prince Gibson
|
|
Batting: RHB Melvin Gomez
|
0-0: Foul Ball, location: 2F 0-1: Swinging Strike 0-2: Ground out U3 (Groundball, 34, EV 86.9 MPH)
|
|
Batting: SHB Butch Brown
|
0-0: Ball 1-0: Ball 2-0: Ball 3-0: Called Strike 3-1: Base on Balls
|
|
Batting: RHB Kian-tat Chen
|
0-0: Called Strike Butch Brown steals 2nd base 0-1: Swinging Strike 0-2: Strikes out looking
|
|
Batting: RHB Brandon Davis
|
0-0: Called Strike 0-1: Foul Ball, location: 2F 0-2: Ball 1-2: SINGLE (Flyball, 8RS, EV 93.1 MPH) Butch Brown to third Runner from 3rd tries for Home, SAFE, throw by CF to home
|
|
Batting: RHB Juan Rosa
|
0-0: Ball Wild Pitch! Brandon Davis to second 1-0: SINGLE (Groundball, 6MD, EV 103.8 MPH) Brandon Davis to third Runner from 3rd tries for Home, SAFE, throw by CF to home
|
|
Batting: LHB Larry Prey
|
0-0: Foul Ball, location: 2F 0-1: Ball 1-1: Ball 2-1: Ball 3-1: Foul Ball, location: 2F 3-2: Strikes out swinging
|
| Bottom of the 4th over - 2 runs, 2 hits, 0 errors, 1 left on base; Round Rock 0 - Salt Lake 4 |
| TOP OF THE 5TH |
|
Round Rock Express batting - Pitching for Salt Lake Bees : RHP Jared Pollard
|
|
Batting: RHB Chris Torlak
|
0-0: Ground out U3 (Groundball, 34S, EV 85.6 MPH)
|
|
Batting: RHB Jeremy Boerman
|
0-0: Called Strike 0-1: Ball 1-1: Called Strike 1-2: Fly out, F8 (Flyball, 8LS, EV 88.1 MPH)
|
|
Batting: RHB Adryão Anto
|
0-0: Ground out 6-3 (Groundball, 4M, EV 78.8 MPH)
|
| Top of the 5th over - 0 runs, 0 hits, 0 errors, 0 left on base; Round Rock 0 - Salt Lake 4 |
| BOTTOM OF THE 5TH |
|
Salt Lake Bees batting - Pitching for Round Rock Express : RHP Prince Gibson
|
|
Batting: LHB Justin Alexander
|
0-0: Called Strike 0-1: Foul Ball, location: 2F 0-2: Ball 1-2: Strikes out swinging
|
|
Batting: LHB Jonathon Walton
|
0-0: Called Strike 0-1: Ball 1-1: Ground out 4-3 (Groundball, 4, EV 83.1 MPH)
|
|
Batting: RHB Ryan Munro
|
0-0: Called Strike 0-1: Ball 1-1: Ball 2-1: Ground out 5-3 (Groundball, 5L, EV 93.8 MPH)
|
| Bottom of the 5th over - 0 runs, 0 hits, 0 errors, 0 left on base; Round Rock 0 - Salt Lake 4 |
| TOP OF THE 6TH |
|
Round Rock Express batting - Pitching for Salt Lake Bees : RHP Jared Pollard
|
|
Batting: RHB Carlos Lopez
|
0-0: Ball 1-0: Called Strike 1-1: SINGLE (Groundball, 5, EV 94.4 MPH)
|
|
Batting: RHB Martin Guerrero
|
0-0: Called Strike Carlos Lopez steals 2nd base (no throw) 0-1: Ball 1-1: Ball 2-1: Ball 3-1: Foul Ball, location: 2F 3-2: Strikes out swinging, 2-3 out at first.
|
|
Batting: RHB Bill Turnbull
|
0-0: Swinging Strike 0-1: Ball 1-1: Called Strike Carlos Lopez is caught stealing 3rd base 2-5 1-2: Ball 2-2: Ground out 5-3 (Groundball, 5D, EV 96.2 MPH)
|
| Top of the 6th over - 0 runs, 1 hit, 0 errors, 0 left on base; Round Rock 0 - Salt Lake 4 |
| BOTTOM OF THE 6TH |
|
Salt Lake Bees batting - Pitching for Round Rock Express : RHP Prince Gibson
|
|
Batting: RHB Melvin Gomez
|
0-0: Fly out, F9 (Line Drive, 9S, EV 96.9 MPH)
|
|
Batting: SHB Butch Brown
|
0-0: Ball 1-0: Foul Ball, location: 2F 1-1: Ball 2-1: Foul Ball, location: 2F 2-2: SINGLE (Line Drive, 9S, EV 93.1 MPH)
|
|
Batting: RHB Kian-tat Chen
|
0-0: Called Strike 0-1: SINGLE (Groundball, 4MD, EV 100.6 MPH) Butch Brown to second
|
|
Batting: RHB Brandon Davis
|
0-0: Ball 1-0: Ball 2-0: Fielders Choice at 2nd, 2-4 (Groundball, 15S, EV 64.4 MPH) Butch Brown to third
|
|
Batting: RHB Juan Rosa
|
0-0: Ball 1-0: Called Strike 1-1: Foul Ball, location: 2F 1-2: Ground out 4-3 (Groundball, 4S, EV 93.8 MPH)
|
| Bottom of the 6th over - 0 runs, 2 hits, 0 errors, 2 left on base; Round Rock 0 - Salt Lake 4 |
| TOP OF THE 7TH |
|
Round Rock Express batting - Pitching for Salt Lake Bees : RHP Jared Pollard
|
|
Batting: RHB Ron Corn
|
0-0: Ball 1-0: Ball 2-0: Called Strike 2-1: Called Strike 2-2: Ground out 4-3 (Groundball, 4M, EV 102.5 MPH)
|
|
Batting: LHB Josh Stuck
|
0-0: Ball 1-0: SINGLE (Line Drive, 4D, EV 101.9 MPH)
|
|
Batting: RHB Ivan Colon
|
0-0: Ball 1-0: Swinging Strike 1-1: Foul Ball, location: 2F 1-2: Ball 2-2: Strikes out swinging
|
|
Batting: RHB Chris Torlak
|
0-0: Called Strike 0-1: Ball 1-1: Ball 2-1: Called Strike Josh Stuck steals 2nd base 2-2: DOUBLE (Flyball, 8RXD, EV 103.8 MPH) Josh Stuck scores
|
|
Batting: RHB Jeremy Boerman
|
0-0: Called Strike 0-1: Swinging Strike 0-2: Ball 1-2: Ball 2-2: Strikes out swinging
|
| Top of the 7th over - 1 run, 2 hits, 0 errors, 1 left on base; Round Rock 1 - Salt Lake 4 |
| BOTTOM OF THE 7TH |
|
Salt Lake Bees batting - Pitching for Round Rock Express : RHP Prince Gibson
|
|
Pitching: LHP John McRight
|
|
|
Batting: LHB Larry Prey
|
0-0: Ball 1-0: DOUBLE (Flyball, 8LXD, EV 106.2 MPH)
|
|
Batting: LHB Justin Alexander
|
0-0: Intentional Walk
|
|
Batting: LHB Jonathon Walton
|
0-0: Ball 1-0: Ball 2-0: Bunt missed! 2-1: Bunt missed! 2-2: Fielders Choice at 2nd, 4-6 (Groundball, 34D, EV 100.6 MPH) Larry Prey to third
|
|
Batting: RHB Ryan Munro
|
0-0: Called Strike 0-1: Ball 1-1: Ball 2-1: SINGLE (Line Drive, 78M, EV 108.1 MPH) Larry Prey scores Jonathon Walton to second
|
|
Batting: RHB Melvin Gomez
|
0-0: Foul Ball, location: 2F 0-1: Ball 1-1: Swinging Strike 1-2: Ball 2-2: Foul Ball, location: 2F 2-2: SINGLE (Groundball, 56D, EV 95.6 MPH) Jonathon Walton to third Ryan Munro to second Runner from 3rd tries for Home, SAFE, throw by LF to home
|
|
Batting: SHB Butch Brown
|
0-0: Foul Ball, location: 2F 0-1: Swinging Strike 0-2: Ball 1-2: SINGLE (Line Drive, 8LS, EV 95.0 MPH) Ryan Munro to third Melvin Gomez to second Runner from 3rd tries for Home, SAFE, throw by CF to trailing runner, OUT at third! 8-3-5
|
|
Pitching: RHP Victor Nunez
|
|
|
Batting: RHB Kian-tat Chen
|
0-0: Ground out U3 (Groundball, 3, EV 107.5 MPH)
|
| Bottom of the 7th over - 3 runs, 4 hits, 0 errors, 1 left on base; Round Rock 1 - Salt Lake 7 |
| TOP OF THE 8TH |
|
Round Rock Express batting - Pitching for Salt Lake Bees : RHP Jared Pollard
|
|
Batting: RHB Adryão Anto
|
0-0: Called Strike 0-1: Ground out 4-3 (Groundball, 4, EV 91.9 MPH)
|
|
Batting: RHB Carlos Lopez
|
0-0: Swinging Strike 0-1: Ball 1-1: Ball 2-1: Ball 3-1: Foul Ball, location: 2F 3-2: Foul Ball, location: 2F 3-2: Fly out, F7 (Flyball, 78S, EV 86.9 MPH)
|
|
Batting: RHB Martin Guerrero
|
0-0: Ball 1-0: Ground out 1-3 (Groundball, 13S, EV 72.5 MPH)
|
| Top of the 8th over - 0 runs, 0 hits, 0 errors, 0 left on base; Round Rock 1 - Salt Lake 7 |
| BOTTOM OF THE 8TH |
|
Salt Lake Bees batting - Pitching for Round Rock Express : RHP Victor Nunez
|
|
Batting: RHB Brandon Davis
|
0-0: Ball 1-0: Ball 2-0: Swinging Strike 2-1: Fly out, F6 (Popup, 6S, EV 78.8 MPH)
|
|
Batting: RHB Juan Rosa
|
0-0: Ball 1-0: Foul Ball, location: 2F 1-1: Ground out 6-3 (Groundball, 6, EV 85.6 MPH)
|
|
Batting: LHB Larry Prey
|
0-0: Called Strike 0-1: Ball 1-1: Ball 2-1: Ball 3-1: Foul Ball, location: 2F 3-2: Strikes out swinging, 2-3 out at first.
|
| Bottom of the 8th over - 0 runs, 0 hits, 0 errors, 0 left on base; Round Rock 1 - Salt Lake 7 |
| TOP OF THE 9TH |
|
Round Rock Express batting - Pitching for Salt Lake Bees : RHP Jared Pollard
|
|
Batting: RHB Bill Turnbull
|
0-0: Reached on error, E6 (Groundball, 6, EV 103.1 MPH)
|
|
Pitching: RHP Andrew Tipton
|
|
|
Pinch Hitting: LHB Jody Hudson
|
0-0: Called Strike 0-1: Ball 1-1: Called Strike 1-2: Ball 2-2: Foul Ball, location: 2F 2-2: Ground out 6-3 (Groundball, 6M, EV 90.6 MPH) Bill Turnbull to third
|
|
Batting: LHB Josh Stuck
|
0-0: Foul Ball, location: 2F 0-1: Foul Ball, location: 2F 0-2: Ball 1-2: Ball 2-2: Strikes out swinging
|
|
Batting: RHB Ivan Colon
|
0-0: 2-RUN HOME RUN (Flyball, 9D, EV 98.8 MPH), Distance : 375 ft
|
|
Batting: RHB Chris Torlak
|
0-0: Ball 1-0: Ball 2-0: Called Strike 2-1: Ball 3-1: Swinging Strike 3-2: Base on Balls
|
|
Batting: RHB Jeremy Boerman
|
0-0: Called Strike 0-1: Called Strike 0-2: Strikes out swinging
|
| Top of the 9th over - 2 runs, 1 hit, 1 error, 1 left on base; Round Rock 3 - Salt Lake 7 |
|